 Dungeon Crawl Stone Soup version 0.31.0-11-ge490571c62 (webtiles) character file.

Game seed: 489476713088481297

83 SnakkuSnakku7 the Caller (level 4, -1/37 HPs)
             Began as a Ghoul Summoner on Jan 26, 2024.
             Shot with a sling bullet by a goblin (6 damage)
             ... on level 3 of the Dungeon.
             The game lasted 00:02:26 (2376 turns).

SnakkuSnakku7 the Caller (Ghoul Summoner)           Turns: 2376, Time: 00:02:27

Health: -1/37      AC:  5    Str: 13    XL:     4   Next: 44%
Magic:  6/6        EV: 10    Int: 14    God:
Gold:   70         SH:  0    Dex:  9    Spells: 5/6 levels left

rFire   . .          .
                       - Unarmed
rCold   + . .        (no shield)
rNeg    + + +        g - +0 ring mail
rPois   ∞            (no helmet)
rElec   .            (no cloak)
rCorr   .            (no gloves)
SInv    .            (no boots)
Will    .....        h - amulet of the acrobat
Stlth   +            f - ring of flight
HPRegen 0.00/turn    (no ring)
MPRegen 0.10/turn

%: acrobat
@: flying, inhibited regen
A: claws 1, cold resistance 1, negative energy resistance 3, inhibited
regeneration, torment resistance 2, devour on kill
a: no special abilities


You were on level 3 of the Dungeon.
You visited 1 branch of the dungeon, and saw 3 of its levels.

You collected 70 gold pieces.

Inventory:

Armour
 a - a +0 robe
 g - a +0 ring mail (worn)
Jewellery
 f - a ring of flight (left claw)
 h - an amulet of the acrobat (around neck)
Scrolls
 c - a scroll of vulnerability {unknown}
 d - a scroll of brand weapon {unknown}
 e - a scroll of identify {unknown}
 j - a scroll of teleportation {unknown}
 l - a scroll of summoning {unknown}
 m - a scroll of silence {unknown}
Potions
 b - a potion of magic
 i - a potion of haste {unknown}
 k - a potion of attraction {unknown}


   Skills:
 + Level 2.9 Fighting
 - Level 1.7 Dodging
 - Level 2.1 Stealth
 + Level 2.9 Unarmed Combat
 - Level 1.7 Spellcasting
 - Level 3.6 Summonings


You had 5 spell levels left.
You knew the following spells:

 Your Spells              Type           Power      Damage    Failure   Level
a - Summon Small Mammal   Summ           44%        N/A       12%         1

Your spell library contained the following spells:

 Spells                   Type           Power      Damage    Failure   Level
 Call Imp                 Summ           22%        N/A       19%         2
 Call Canine Familiar     Summ           11%        N/A       36%         3
 Kiss of Death            Conj/Necr      4%         2d5       47%         1
 Confusing Touch          Hex            1%         N/A       85%         3
 Summon Blazeheart Golem  Fire/Summ      6%         N/A       95%         4
 Summon Lightning Spire   Summ/Air       6%         N/A       95%         4
 Dispel Undead            Necr           1%         3d6       99%         4


Dungeon Overview and Level Annotations

Branches:
Dungeon (3/15)

Altars:

Annotations:
D:3 3 runed translucent doors, AnnoyingMastermind's ghost, weakling SpAr; Sigmund; Sirjeffry24's ghost, amateur DsFi; Zeia's ghost, amateur MiFi; pigah's ghost, amateur OpSh; rbyellow5's ghost, amateur OpFi


Innate Abilities, Weirdness & Mutations

You are immune to poison.
You have sharp fingernails.
Your flesh is cold resistant. (rC+)
You are immune to negative energy. (rN+++)
You do not regenerate when monsters are visible.
You are immune to unholy pain and torment.
You thrive by killing the living.


Message History

The ribbon worm is lightly wounded.
The goblin shoots a sling bullet.
The sling bullet hits you but does no damage.
The ribbon worm expels a string of sticky webbing.
The stream of webbing misses you.
You scratch the ribbon worm but do no damage.
The ribbon worm is lightly wounded.
The goblin shoots a sling bullet.
The sling bullet barely misses you. The ribbon worm completely misses you.
You scratch the ribbon worm.
The ribbon worm is lightly wounded.
The goblin shoots a sling bullet.
The sling bullet hits you.
You scratch the ribbon worm.
The ribbon worm is heavily wounded.
The ribbon worm bites you.
The goblin shoots a sling bullet.
The sling bullet closely misses you.
You scratch the ribbon worm.
The ribbon worm is heavily wounded.
The goblin shoots a sling bullet.
The sling bullet closely misses you. The ribbon worm barely misses you.
You scratch the ribbon worm.
The ribbon worm is heavily wounded.
The goblin shoots a sling bullet.
The sling bullet barely misses you.
You scratch the ribbon worm but do no damage.
The ribbon worm is heavily wounded.
The ribbon worm bites you.
* * * LOW HITPOINT WARNING * * *
The goblin shoots a sling bullet.
The sling bullet barely misses you.
You scratch the ribbon worm.
The ribbon worm is heavily wounded.
The ribbon worm misses you.
The goblin shoots a sling bullet.
The sling bullet closely misses you.
You barely miss the ribbon worm.
The ribbon worm is heavily wounded.
The ribbon worm bites you.
* * * LOW HITPOINT WARNING * * *
You scratch the ribbon worm.
The ribbon worm is heavily wounded.
The goblin shoots a sling bullet.
The sling bullet hits you.
You die...

...............#
.##..............###
...................##
##..$...............##
.....................#
.....................#
#....................#
#........)..........##
#......@...........##
......w............#
...........#....)..#
[.......g..#########
(..........#
###.......## ##.....##
#######


You could see a ribbon worm and a goblin.

Vanquished Creatures
  An adder (D:2)
  A dart slug (D:2)
  2 ribbon worms (D:2)
  4 orcs (D:2)
  A ball python (D:1)
  9 bats
  6 endoplasms
  3 giant cockroaches
  7 goblins
  3 hobgoblins
  4 jackals (D:1)
  6 kobolds
  3 quokkas (D:2)
  3 frilled lizards
  5 rats
58 creatures vanquished.

Notes
Turn   | Place    | Note
-------+----------+-------------------------------------------
     0 | D:1      | SnakkuSnakku7 the Ghoul Summoner began the quest for the
                  | Orb.
     0 | D:1      | Reached XP level 1. HP: 14/14 MP: 3/3
   248 | D:1      | Reached skill level 1 in Fighting
   248 | D:1      | Reached skill level 1 in Unarmed Combat
   261 | D:1      | Reached XP level 2. HP: 17/23 MP: 4/4
   762 | D:1      | Reached XP level 3. HP: 26/29 MP: 5/5
  1550 | D:2      | Reached XP level 4. HP: 35/37 MP: 6/6
  1994 | D:3      | Found a runed translucent gate.
  1994 | D:3      | Found a runed translucent gate.
  1994 | D:3      | Found a runed translucent gate.
  1995 | D:3      | Noticed pigah's ghost (amateur OpSh)
  1996 | D:3      | Noticed AnnoyingMastermind's ghost (weakling SpAr)
  1996 | D:3      | Noticed Sirjeffry24's ghost (amateur DsFi)
  1996 | D:3      | Noticed rbyellow5's ghost (amateur OpFi)
  1996 | D:3      | Noticed Zeia's ghost (amateur MiFi)
  2271 | D:3      | Noticed Sigmund
  2376 | D:3      | Shot with a sling bullet by a goblin

Illustrated notes

Levels and vault maps discovered:
D:1:      heliophobic_arrival_glass_houses, layout_basic
D:2:      layout_basic, minmay_tree_intersection
D:3:      layout_rooms, gammafunk_ghost_cemetery, minmay_strange_pillars,
          chequers_jeans, uniq_sigmund

Skill      XL: |  1  2  3 |
---------------+----------+-----
Fighting       | 1 2 |  2.9
Unarmed Combat | 1 2 |  2.9
Dodging        | |  1.7
Stealth        | |  2.1
Spellcasting   | |  1.7
Summonings     | |  3.6

Action                     |  1- 3 |  4- 6 || total
---------------------------+-------+-------++-------
  Melee: Unarmed           |   148 |    83 ||   231
         Punch             |     2 |       ||     2
   Stab: Sleeping          |     2 |       ||     2
 Armour: Robe              |    32 |       ||    32
         Ring mail         |    38 |    57 ||    95
  Dodge: Dodged            |   101 |    66 ||   167
